 Dungeon Crawl Stone Soup version 0.28.0-53-g5a82cb258f (webtiles) character file.

Game seed: 12910543578616138174

186 101zpm the Magician (level 5, 0/35 HPs)
             Began as a Djinni Fire Elementalist on May 22, 2022.
             Killed by an exploding Edmund (7 damage)
             ... ignited by their inner flame
             ... on level 4 of the Dungeon.
             The game lasted 00:04:38 (4233 turns).

101zpm the Magician (Djinni Fire Elementalist)      Turns: 4233, Time: 00:04:39

Health: 0/35       AC:  5    Str:  7    XL:     5   Next: 97%
Gold:   228        EV: 12    Int: 19    God:
                   SH:  0    Dex: 13

rFire   + + .      SeeInvis .   (no weapon)
rCold   x . .      Faith    .   (no shield)
rNeg    . . .      Spirit   .   a - +0 robe
rPois   ∞          Reflect  .   f - +2 helmet
rElec   .          Harm     .   (no cloak)
rCorr   .          Rampage  .   (no gloves)
Will    .....                   (boots unavailable)
Stlth   ++........              (no amulet)
HPRegen 0.11/turn               (no ring)
MPRegen 0.00/turn               (no ring)

@: flying
A: sickness immunity, fire resistance 2, cold vulnerability 1, float, innate
caster, HP casting, extra vitality 1
a: no special abilities


You were on level 4 of the Dungeon.
You visited 1 branch of the dungeon, and saw 4 of its levels.

You collected 228 gold pieces.

Inventory:

Missiles
 g - 6 curare-tipped darts
Armour
 a - a +0 robe (worn)
 f - a +2 helmet (worn)
Wands
 m - a wand of iceblast (9)
Scrolls
 c - 2 scrolls of identify {unknown}
 d - a scroll of amnesia {unknown}
 i - a scroll of vulnerability {unknown}
 j - a scroll of summoning {unknown}
 k - a scroll of torment {unknown}
 l - 2 scrolls of enchant weapon {unknown}
Potions
 b - a potion of ambrosia {unknown}
 e - 2 potions of curing {unknown}
 h - a potion of lignification {unknown}


   Skills:
 + Level 2.5 Dodging
 + Level 2.1 Stealth
 + Level 4.5 Spellcasting


You couldn't memorise any spells.
You knew the following spells:

 Your Spells              Type           Power      Damage    Failure   Level
a - Foxfire               Conj/Fire      84%        2x1d8     1%          1
b - Scorch                Fire           42%        2d7       3%          2
c - Conjure Flame         Conj/Fire      21%        6-21      6%          3
d - Inner Flame           Hex/Fire       21%        N/A       6%          3
e - Flame Wave            Conj/Fire      21%        2d7       21%         4
f - Freeze                Ice            84%        1d10      1%          1
g - Static Discharge      Conj/Air       21%        N/A       3%          2
Your spell library was empty.

Dungeon Overview and Level Annotations

Branches:
Dungeon (4/15)
 Temple: D:4-7

Altars:

Annotations:
D:4 1 runed translucent door, qipq's ghost, amateur DsFE


Innate Abilities, Weirdness & Mutations

You are immune to sickness and miasma.
You are immune to poison.
Your flesh is very heat resistant. (rF++)
You are vulnerable to cold. (rC-)
You float through the air rather than walking.
You learn spells naturally, not from books.
Your magical power is your life essence.
You have superior vitality. (+4 MHP)


Message History

The foxfire hits Edmund.
Flame seeps out of Edmund.
Edmund is lightly wounded.
Edmund is engulfed in blazing flames.
Flame seeps out of Edmund.
You are too injured to fight recklessly!
You are too injured to fight recklessly!
Casting: Foxfire (safe; 1% risk of failure)
Press: ? - help, Q - select action, (/) - cycle Dir - look around, f - activate You conjure some foxfire!
Casting: Foxfire (safe; 1% risk of failure)
Press: ? - help, Q - select action, (/) - cycle Dir - look around, f - activate You conjure some foxfire!
The foxfire hits Edmund.
Flame seeps out of Edmund.
Edmund is heavily wounded.
Casting: Foxfire (safe; 1% risk of failure)
Confirm with . or Enter, or press ? or * to list all spells.
Flames lash Edmund but do no damage.
* * * LOW HITPOINT WARNING * * *
The foxfire hits Edmund but does no damage.
Edmund is heavily wounded.
The foxfire hits Edmund but does no damage.
Edmund is heavily wounded.
The foxfire hits Edmund but does no damage.
Edmund is heavily wounded.
Edmund is engulfed in blazing flames.
Flame seeps out of Edmund.
Casting: Scorch (safe; 3% risk of failure)
Confirm with . or Enter, or press ? or * to list all spells.
Flames lash Edmund but do no damage.
* * * LOW HITPOINT WARNING * * *
Casting: Scorch (safe; 3% risk of failure)
Confirm with . or Enter, or press ? or * to list all spells.
Aiming: Freeze (safe; 1% risk of failure)
Press: ? - help, Shift-Dir - straight line, f - Edmund
Aim: Edmund, wielding a +1 flail of protection and wearing a +0 leather armour (almost dead, inner flame)
You freeze Edmund.
Flame seeps out of Edmund.
Edmund is almost dead.
* * * LOW HITPOINT WARNING * * *
Edmund is engulfed in blazing flames.
Edmund explodes!
The fiery explosion engulfs you! You resist.
You die...

#....#..)#. ....
+....#.?.#. ....
#####....#Y.)#. #....
#........##+##. #....
+.).....<...... #...†.
#..............
+.....####<.............
#.....†.............#...
#.§§?.§@............#...
.§☼§.§○§............#...
.§§§.§§§............#...
.>....##+#####......#...
...... #......#...
.##### #......#...
#......# #......+
#......#


There were no monsters in sight!

Vanquished Creatures
  Edmund (D:4)
  A scorpion (D:4)
  Robin (D:3)
  4 adders
  A dart slug (D:4)
  4 orcs (D:3)
  5 endoplasms
  3 giant cockroaches (D:1)
  15 goblins
  9 hobgoblins
  6 jackals
  A quokka (D:1)
  2 ball pythons (D:1)
  3 bats
  A frilled lizard (D:1)
  6 kobolds
  6 rats
69 creatures vanquished.

Vanquished Creatures (others)
  286 foxfires
  A fungus (D:3)
  5 toadstools (D:3)
292 creatures vanquished.

Grand Total: 361 creatures vanquished

Notes
Turn   | Place    | Note
-------+----------+-------------------------------------------
     0 | D:1      | 101zpm the Djinni Fire Elementalist began the quest for the
                  | Orb.
     0 | D:1      | Reached XP level 1. HP: 15/15 MP: 0/0
   219 | D:1      | Reached XP level 2. HP: 5/21 MP: 0/0
  1064 | D:1      | Reached skill level 3 in Spellcasting
  1166 | D:1      | Reached XP level 3. HP: 15/25 MP: 0/0
  1166 | D:1      | Learned a level 1 spell: Freeze
  1590 | D:1      | Found a faded altar of an unknown god.
  2610 | D:3      | Reached XP level 4. HP: 15/31 MP: 0/0
  3409 | D:3      | Noticed Robin
  3415 | D:3      | Killed Robin
  3416 | D:3      | Reached XP level 5. HP: 27/35 MP: 0/0
  3416 | D:3      | Learned a level 2 spell: Static Discharge
  3429 | D:3      | Reached skill level 4 in Spellcasting
  4063 | D:4      | Found a runed translucent door.
  4067 | D:4      | Noticed qipq's ghost (amateur DsFE)
  4068 | D:4      | Noticed an ice beast
  4225 | D:4      | Noticed Edmund
  4233 | D:4      | Killed Edmund
  4233 | D:4      | Killed by an exploding Edmund... ignited by their inner
                  | flame

Illustrated notes

Levels and vault maps discovered:
D:1:      minmay_arrival_glassed_features, layout_loops_ring, serial_aquarium,
          aquarium_bridge_square [aquarium_subvault_bridge,
          aquarium_subvault_window, aquarium_subvault_wall,
          aquarium_subvault_window], aquarium_bridge_square
          [aquarium_subvault_wall, aquarium_subvault_bridge,
          aquarium_subvault_bridge, aquarium_subvault_window],
          aquarium_window_fake, aquarium_window_fake, aquarium_view_2d,
          aquarium_pool_1, hellmonk_ecumenical_altar_arch_garden,
          minmay_heptomino_l4
D:2:      layout_basic, uniq_terence, uniq_jessica
D:3:      layout_loops_ring, grunt_decor_one_mirror, minmay_gold_behind_fungi,
          grunt_ministairs_9, uniq_robin
D:4:      layout_gridville, grunt_temple_overflow_open,
          ebering_ghost_inner_flame, minmay_misc_feat_cross, grunt_decor_cap,
          uniq_blork_the_orc, uniq_edmund

Skill      XL: |  1  2  3  4  5 |
---------------+----------------+-----
Spellcasting   | 3 4 |  4.5
Stealth        | 2 |  2.1
Dodging        | |  2.5

Action                   |  1- 3 |  4- 6 || total
-------------------------+-------+-------++-------
 Cast: Foxfire           |    98 |    78 ||   176
       Scorch            |     7 |    16 ||    23
       Inner Flame       |       |     2 ||     2
       Freeze            |       |     1 ||     1
Dodge: Dodged            |     5 |     2 ||     7
